 Dungeon Crawl Stone Soup version 0.29.1-15-g9cfb28693d (webtiles) character file.

Game seed: 12262689402555239813

473875 cowcol the Conqueror (level 23, -29/235 (240) HPs)
             Began as a Minotaur Fighter on Mar 30, 2023.
             Was a High Priest of Okawaru.
             Killed from afar by a fire giant (33 damage)
             ... with a fireball
             ... on level 5 of the Vaults.
             The game lasted 04:36:45 (99964 turns).

cowcol the Conqueror (Minotaur Fighter)            Turns: 99964, Time: 04:36:46

HP:   -29/235 (240) AC: 35    Str: 26    XL:     23   Next: 58%
MP:   29/31         EV:  7    Int:  6    God:    Okawaru [*****.]
Gold: 1456          SH: 31    Dex: 19    Spells: 22/22 levels left

rFire   + . .      SeeInvis +   W - +9 broad axe (flame)
rCold   + + +      Faith    .   l - +18 shield of the Gong {rElec rN+ Will+ EV-5}
rNeg    + . .      Spirit   .   m - +2 gold dragon scales
rPois   +          Reflect  .   (helmet restricted)
rElec   +          Harm     .   g - +0 cloak "Feli" {Contam Drain rC+++ SInv}
rCorr   .          Rampage  .   k - +2 pair of gloves {hurl}
Will    +++..                   s - +0 pair of boots of Defence {rElec Int+2}
Stlth   ..........              L - amulet of regeneration
HPRegen 1.29/turn               R - +4 ring of evasion
MPRegen 0.22/turn               H - ring of willpower

@: studying Staves, lightly drained
A: horns 2, retaliatory headbutt, agile 1, poison resistance, wild magic 1
}: 2/15 runes: serpentine, barnacled
a: Renounce Religion, Heroism, Finesse, Duel


You were on level 5 of the Vaults.
You worshipped Okawaru.
Okawaru was extremely pleased with you.
You visited 8 branches of the dungeon, and saw 40 of its levels.
You visited the Abyss 1 time.

You collected 4356 gold pieces.
You spent 2900 gold pieces at shops.

Inventory:

Hand Weapons
 b - a +3 eudemon blade of holy wrath
 h - a +5 battleaxe of electrocution
 y - a +3 battleaxe of flaming
 W - a +9 broad axe of flaming (weapon)
Missiles
 D - 9 javelins (quivered)
 I - 37 poisoned darts
 K - 8 silver javelins
Armour
 g - the +0 cloak "Feli" (worn) {Contam Drain rC+++ SInv}
   (Okawaru gifted it to you on level 13 of the Dungeon)

   rC:        It renders you almost immune to cold.
   SInv:      It lets you see invisible.
   Contam:    It causes magical contamination when unequipped.
   Drain:     It drains your maximum health when unequipped.
 k - a +2 pair of gloves of hurling (worn)
 l - the +18 shield of the Gong (worn) {rElec rN+ Will+ EV-5}
   (You found it on level 3 of the Depths)

   It is deafeningly noisy when blocking attacks.
   EV:        It affects your evasion (-5).
   rElec:     It insulates you from electricity.
   rN:        It protects you from negative energy.
   Will:      It increases your willpower.
 m - +2 gold dragon scales (worn)
 s - the +0 pair of boots of Defence (worn) {rElec Int+2}
   (Okawaru gifted it to you on level 3 of the Vaults)

   Int:       It affects your intelligence (+2).
   rElec:     It insulates you from electricity.
 B - a +2 kite shield of reflection
Jewellery
 a - a +6 ring of dexterity
 d - an amulet of magic regeneration
 H - a ring of willpower (right hand)
 L - an amulet of regeneration (around neck)
 Q - a ring of protection from cold
 R - a +4 ring of evasion (left hand)
Wands
 x - a wand of mindburst (11)
 G - a wand of roots (25)
 M - a wand of flame (30)
 X - a wand of digging (9)
 Y - a wand of quicksilver (5)
Scrolls
 e - 3 scrolls of immolation
 n - 9 scrolls of teleportation
 q - 12 scrolls of identify
 t - a scroll of magic mapping
 A - 5 scrolls of poison
 F - a scroll of fear
 S - 2 scrolls of fog
Potions
 c - 2 potions of ambrosia
 j - 9 potions of curing
 u - 5 potions of flight
 z - 4 potions of brilliance
 O - 4 potions of cancellation
 Z - a potion of resistance
Miscellaneous
 o - a phantom mirror
 p - a condenser vane (inert)
 r - a tin of tremorstones (2/2)
 v - a lightning rod (4/4)
 J - a tin of tremorstones (2/2)
 P - a piece from Xom's chessboard (15/15)
 T - a box of beasts
 V - a tin of tremorstones (2/2)


   Skills:
 O Level 27 Fighting
 - Level 9.4 Long Blades
 - Level 24.0 Axes
 + Level 13.3 Staves
 - Level 8.0 Throwing
 + Level 23.5 Armour
 + Level 4.0 Dodging
 - Level 13.0 Shields
 + Level 12.9 Invocations
 + Level 4.1 Evocations


You had 22 spell levels left.
You didn't know any spells.
Your spell library contained the following spells:

 Spells                   Type           Power      Damage    Failure   Level
 Apportation              Tloc           0%         N/A       100%        1
 Beastly Appendage        Tmut           0%         N/A       100%        1
 Foxfire                  Conj/Fire      0%         2x1d4     100%        1
 Magic Dart               Conj           0%         1d3       100%        1
 Necrotise                Necr           0%         1d4       100%        1
 Sting                    Tmut/Pois      0%         1d3       100%        1
 Blink                    Tloc           0%         N/A       100%        2
 Ensorcelled Hibernation  Hex/Ice        0%         N/A       100%        2
 Scorch                   Fire           0%         2d5       100%        2
 Searing Ray              Conj           0%         2d4       100%        2
 Static Discharge         Conj/Air       0%         3-3/arc   100%        2
 Sublimation of Blood     Necr           0%         N/A       100%        2
 Wereblood                Tmut           0%         N/A       100%        2
 Confusing Touch          Hex            0%         N/A       100%        3
 Conjure Flame            Conj/Fire      0%         6-21      100%        3
 Frozen Ramparts          Ice            0%         1d1       100%        3
 Gell's Gravitas          Tloc           0%         N/A       100%        3
 Inner Flame              Hex/Fire       0%         N/A       100%        3
 Ozocubu's Armour         Ice            0%         N/A       100%        3
 Portal Projectile        Hex/Tloc       0%         N/A       100%        3
 Spider Form              Tmut/Pois      0%         N/A       100%        3
 Teleport Other           Tloc           0%         N/A       100%        3
 Anguish                  Hex/Necr       0%         N/A       100%        4
 Cause Fear               Hex            0%         N/A       100%        4
 Corpse Rot               Necr/Pois/Air  0%         N/A       100%        4
 Dispel Undead            Necr           0%         3d6       100%        4
 Flame Wave               Conj/Fire      0%         2d4       100%        4
 Fulminant Prism          Conj/Hex       0%         3d6       100%        4
 Hailstorm                Conj/Ice       0%         3d3       100%        4
 Leda's Liquefaction      Hex/Erth       0%         N/A       100%        4
 Petrify                  Tmut/Erth      0%         N/A       100%        4
 Sticky Flame             Conj/Fire      0%         2d3       100%        4
 Alistair's Intoxication  Tmut/Pois      0%         N/A       100%        5
 Borgnjor's Vile Clutch   Necr/Erth      0%         N/A       100%        5
 Irradiate                Conj/Tmut      0%         3d11      100%        5
 Manifold Assault         Tloc           0%         N/A       100%        5
 Yara's Violent Unravell  Hex/Tmut       0%         3d3       100%        5
 Dispersal                Tloc           0%         N/A       100%        6
 Eringya's Noxious Bog    Tmut/Pois      0%         N/A       100%        6
 Dragon Form              Tmut           0%         N/A       100%        7
 Enfeeble                 Hex            0%         N/A       100%        7
 Ozocubu's Refrigeration  Ice            0%         4d7       100%        7
 Storm Form               Tmut/Air       0%         N/A       100%        7
 Summon Small Mammal      Summ           Unusable   N/A       N/A         1
 Call Canine Familiar     Summ           Unusable   N/A       N/A         3
 Death Channel            Necr           Unusable   N/A       N/A         6
 Summon Cactus Giant      Summ           Unusable   N/A       N/A         6
 Dragon's Call            Summ           Unusable   N/A       N/A         9

Dungeon Overview and Level Annotations

Branches:
Dungeon (15/15)            Temple (1/1) D:5            Lair (5/5) D:10
 Shoals (4/4) Lair:3        Snake (4/4) Lair:2        Slime (0/5) Lair:4
    Orc (2/2) D:11            Elf (0/3) Orc:2        Vaults (5/5) D:14
  Crypt (0/3) Vaults:3     Depths (4/4) D:15
    Zot: Depths:4

Altars:
Ashenzari
Cheibriados
Dithmenos
Elyvilon
Fedhas
Gozag
Hepliaklqana
Kikubaaqudgha
Makhleb
Nemelex Xobeh
Okawaru
Qazlal
Ru
Sif Muna
Trog
Uskayaw
Vehumet
Wu Jian
Xom
Yredelemnul
Zin
The Shining One
Jiyva
Lugonu

Shops:
D:1 (   D:14 !   Orc:2 [:**   Snake:1 =:=   Snake:2 (   Snake:3 (?(!
Snake:4 [   Vaults:1 (   Depths:1 *(*(   Depths:3 *

Portals:
Hell: Depths:1 Depths:2 Depths:3
Abyss: Depths:1 Depths:3 Depths:4
Pandemonium: Orc:2 Depths:1 Depths:2
Ziggurat: Depths:1

Annotations:
D:4 2 transporters
Lair:2 exclusion: oklob plant
Shoals:2 2 transporters, Meod's ghost, adept MiBe


Innate Abilities, Weirdness & Mutations

You have a pair of horns on your head.
You reflexively headbutt those who attack you in melee.
You are agile. (Dex +4, Str/Int -1)
Your system is resistant to poisons. (rPois)
Your spells are a little harder to cast, but a little more powerful.


Message History

A deep elf zephyrmancer comes into view.
It is wielding a +0 dire flail.
The runic seals fade away.
You feel like a meek peon again.
The deep elf zephyrmancer shouts!
The phantasmal warrior gestures at you.
The phantasmal warrior blinks!
The sphinx is empowered by the deep elf high priest's aura!
The deep elf annihilator is empowered by the deep elf high priest's aura!
The titan gestures at you while chanting.
The bolt of lightning hits the storm dragon.
The storm dragon completely resists.
The bolt of lightning hits you!! You resist.
* * * LOW HITPOINT WARNING * * *
The bolt of lightning hits the bat!!!
The bat dies!
The deep elf zephyrmancer casts a spell at you.
The bolt of lightning hits the war gargoyle!
The war gargoyle resists.
The bolt of lightning hits you. You resist.
* * * LOW HITPOINT WARNING * * *
The vault sentinel blows a loud note on a signal horn!
The vault sentinel points at you and mumbles some strange words.
You barely resist.
You block the deep elf sorcerer's attack.
GONNNNG!
You block the war gargoyle's attack.
SHROANNG!
You hear a deafening roar!
The war gargoyle attacks as you move away!
You block the war gargoyle's attack.
PANG!
The deep elf sorcerer attacks as you move away!
You block the deep elf sorcerer's attack.
GONNNNG!
The runic seal fades away.
Your surroundings suddenly seem different.
Found a scroll of amnesia.
The vault sentinel gestures at you while chanting.
You easily resist.
The fire giant points at you and mumbles some strange words.
The fireball explodes!
The fireball engulfs you!! You resist.
You die...

................D......CpHpO<<...
.....................DDDpWe......
..#######################Ce9.....
...** *####.....####D§.........
#..,*****...........hHC...#....#.
##,,,,,,,...........puCp..#....##
***,,,,,,..?...p.......p.##....#,
* **,,,,,............C...*#....#*
* **,,,,,.......@...W....*#....#*
***,,,,,,.#######........*#....#*
*#......,********#......,*#....#,
##......#**,,,,,**#p....,,#....#*
##......#,,,,,,,,**.....,,*,,,,**
#........,,,,∩,,,*#.....,,*,,,,**
#.......#,,,,,,,,*#.....,**,,,,*,
#......p##*,,,,,*##.....,**,,,,**
##.......##*****##.....,,**,,,,**


You could see a titan (empowered), a storm dragon (strong), a red very ugly
thing, a fire giant (empowered), a sphinx (empowered), a stone giant, 2 vault
guards, 2 vault sentinels, a phantasmal warrior, an ironbound convoker and a
black bear.

Vanquished Creatures
  An ancient lich (Abyss:3)
  Mennas (Depths:4)
  Sojobo (Vaults:2)
  Frederick (Vaults:4)
  Vv (Depths:3)
  Vashnia (Snake:4)
  the Enchantress (Depths:2)
  A bone dragon (Depths:1)
  Jorgrun (Orc:2)
  A walking frostbound tome (Depths:1)
  2 liches
  2 deep elf blademasters (Depths:3)
  Mlioglotl (Shoals:1)
  2 titans (Vaults:5)
  The ghost of Utor Aju the Crack Shot, an adept MiHu of Okawaru (Depths:1)
  Polyphemus (Shoals:3)
  3 tentacled starspawn (Abyss:3)
  6 sphinxes
  6 tengu reavers
  6 nagarajas
  Donald (Shoals:1)
  A shadow dragon (Vaults:5)
  Louise (Depths:3)
  8 fire giants
  4 frost giants
  A deep elf sorcerer (Vaults:5)
  An iron dragon (Depths:1)
  A balrug (Depths:2)
  16 vault wardens
  Aizul (Shoals:2)
  19 ironbound preservers
  7 spriggan defenders
  5 ironbound thunderhulks
  A war gargoyle (Vaults:4)
  14 very ugly things
  A vampire knight (Depths:2)
  12 stone giants
  Nessos (Lair:3)
  5 spark wasps
  3 entropy weavers
  10 dire elephants
  2 minotaurs (Shoals:4)
  23 ettins
  2 blizzard demons
  2 crystal guardians (Vaults:4)
  3 merfolk javelineers
  7 merfolk impalers
  2 jiangshi (Depths:1)
  6 great orbs of eyes
  6 fire dragons
  A quicksilver dragon zombie (D:15)
  A deep elf high priest (Vaults:5)
  6 yaktaur captains
  5 boulder beetles
  2 salamander tyrants
  3 peacekeepers
  4 ice dragons
  2 hell beasts (Depths:1)
  2 spriggan air magi
  A rakshasa (Depths:2)
  2 demonspawn (Orc:2)
  8 ironbound frosthearts
  25 vault guards
  3 merfolk avatars
  20 centaur warriors
  3 hydras
  3 alligator snapping turtles
  3 merfolk aquamancers
  13 anacondas
  2 catoblepae
  An ogre mage (D:15)
  13 satyrs
  7 two-headed ogres
  16 naga warriors
  2 dancing weapons (D:14)
  13 death yaks
  5 deep troll earth magi
  6 deep troll shamans
  4 orc high priests (Orc:2)
  5 tengu warriors
  3 spriggan berserkers
  5 vampire magi
  9 shock serpents
  3 thrashing horrors (Abyss:3)
  16 naga sharpshooters
  6 iron trolls
  A soul eater (Orc:2)
  Sonja (Lair:1)
  A death drake (Abyss:3)
  A shadow wraith (Vaults:5)
  12 skeletal warriors
  A sea snake (shapeshifter) (Vaults:5)
  3 spriggan druids (Depths:2)
  9 sea snakes
  7 salamander mystics
  3 glowing orange brains
  6 wizards
  62 deep trolls
  A golden dragon zombie (D:15)
  A glowing orange brain (shapeshifter) (Vaults:5)
  11 lindwurms
  9 naga ritualists
  15 harpies
  2 flayed ghosts
  A swamp dragon (Lair:5)
  A harpy (shapeshifter) (Vaults:5)
  6 orc knights
  3 phantasmal warriors
  9 mana vipers
  A deep elf pyromancer (D:12)
  15 ironbound convokers
  A necromancer (D:15)
  10 orc sorcerers
  32 fauns
  A frost giant zombie (D:15)
  18 manticores
  24 salamanders
  A faun (shapeshifter) (Vaults:1)
  11 cyclopes
  32 ugly things
  A cyclops (shapeshifter) (Depths:4)
  Maurice (D:9)
  36 black mambas
  13 elephants
  A fire giant skeleton (D:15)
  An eye of devastation (shapeshifter) (Vaults:5)
  A guardian serpent (shapeshifter) (D:15)
  An apocalypse crab (Abyss:3)
  12 vault sentinels
  9 merfolk sirens
  An orange demon (Orc:2)
  25 naga magi
  3 water nymphs
  2 smoke demons
  An unseen horror (D:11)
  2 guardian serpents
  5 torpor snails (Lair:5)
  7 cane toads
  An efreet (D:15)
  4 rime drakes
  32 yaktaurs
  4 freezing wraiths
  3 kobold demonologists
  A rime drake (shapeshifter) (Vaults:5)
  7 komodo dragons
  6 tengu conjurers
  An ancient zyme (Abyss:3)
  A hellwing (Depths:1)
  25 merfolk
  4 polar bears
  3 tyrant leeches (Lair:5)
  9 trolls
  Prince Ribbit (D:9)
  26 hornets
  5 raiju (Abyss:3)
  4 wind drakes
  23 slime creatures
  23 blink frogs
  11 dream sheep
  2 large abominations (Abyss:3)
  Sigmund (D:3)
  9 snapping turtles
  A culicivora (Vaults:1)
  18 spriggans
  10 water elementals
  A wraith (D:12)
  A vampire (Abyss:3)
  40 yaks
  2 golden eyes (Abyss:3)
  4 wyverns
  4 basilisks
  A redback (Vaults:4)
  5 steam dragons
  A small abomination (Abyss:3)
  A chaos spawn (Depths:2)
  6 wargs
  56 nagas
  12 water moccasins
  A hell hound (Abyss:3)
  2 acid dragons
  39 orc warriors
  A swamp drake (Lair:5)
  4 ice beasts
  8 ogres
  10 boggarts
  8 centaurs
  20 wolves
  A phantom (D:5)
  5 kobold brigands
  3 gnoll sergeants
  21 bullfrogs
  A necrophage (D:6)
  2 scorpions
  5 wights (D:8)
  6 howler monkeys
  2 hounds
  5 jellies
  29 orc priests
  9 iguanas
  22 orc wizards
  16 gnolls
  8 adders
  A shadow imp (D:5)
  A white imp (D:7)
  A worm (D:4)
  5 dart slugs
  98 orcs
  5 bats
  4 endoplasms
  4 giant cockroaches
  4 goblins
  11 hobgoblins
  6 jackals
  20 kobolds
  3 quokkas
  3 ball pythons
  4 frilled lizards
  4 rats
  3 butterflies
  3 plants
  2 starspawn tentacles (Abyss:3)
1642 creatures vanquished.

Vanquished Creatures (others)
  An ancient lich (Vaults:5)
  A wizard (Vaults:4)
  A manticore (Shoals:1)
  A bat (shapeshifter) (Vaults:5)
  36 fungi
  125 plants
  3 starspawn tentacles (Abyss:3)
  8 withered plants (D:15)
176 creatures vanquished.

Grand Total: 1818 creatures vanquished

Notes
Turn   | Place    | Note
-------+----------+-------------------------------------------
     0 | D:1      | cowcol the Minotaur Fighter began the quest for the Orb.
     0 | D:1      | Reached XP level 1. HP: 19/19 MP: 0/0
   649 | D:1      | Reached XP level 2. HP: 27/27 MP: 1/1
   674 | D:1      | Reached skill level 4 in Fighting
   677 | D:1      | Found Zyukimur's Weapon Shoppe.
  1031 | D:1      | Reached XP level 3. HP: 33/33 MP: 2/2
  1471 | D:1      | Found a faded altar of an unknown god.
  2262 | D:3      | Noticed Sigmund
  2271 | D:3      | Killed Sigmund
  2272 | D:3      | Reached skill level 5 in Axes
  2272 | D:3      | Reached skill level 1 in Throwing
  2272 | D:3      | Reached skill level 5 in Armour
  2272 | D:3      | Reached XP level 4. HP: 39/41 MP: 3/3
  2272 | D:3      | Reached XP level 5. HP: 45/47 MP: 4/4
  2523 | D:3      | Found a broken altar of Ashenzari.
  3129 | D:3      | Reached XP level 6. HP: 51/55 MP: 5/5
  3167 | D:3      | Reached skill level 5 in Fighting
  3650 | D:3      | Found a burning altar of Makhleb.
  3652 | D:3      | Found a stormy altar of Qazlal.
  3787 | D:3      | Noticed an ice beast
  3796 | D:3      | Killed an ice beast
  4149 | D:4      | Identified the +4 trident of Equivalence {vorpal, rElec
                  | Will+ Dex+3}
  4500 | D:4      | Reached XP level 7. HP: 36/61 MP: 6/6
  5212 | D:4      | Found a transporter.
  5246 | D:4      | Found a transporter.
  5886 | D:4      | Found an ancient bone altar of Kikubaaqudgha.
  6834 | D:5      | Entered Level 5 of the Dungeon
  6888 | D:5      | Reached skill level 6 in Fighting
  7311 | D:5      | Reached XP level 8. HP: 57/70 MP: 7/7
  7389 | D:5      | Found a staircase to the Ecumenical Temple.
  7433 | Temple   | Entered the Ecumenical Temple
  9141 | D:5      | Gained mutation: Your system is resistant to poisons.
                  | (rPois) [potion of mutation]
  9141 | D:5      | Gained mutation: You are agile. (Dex +4, Str/Int -1)
                  | [potion of mutation]
  9141 | D:5      | Gained mutation: Your spells are a little harder to cast,
                  | but a little more powerful. [potion of mutation]
 11328 | D:7      | Reached XP level 9. HP: 71/78 MP: 8/8
 11403 | D:7      | Reached skill level 7 in Fighting
 11403 | D:7      | Reached skill level 10 in Axes
 11416 | D:7      | Identified the +1 robe of the Indestructible God {Rampage
                  | rC+ rN++ Int-5}
 11961 | D:7      | Found an iron altar of Okawaru.
 11964 | D:7      | Became a worshipper of Warmaster Okawaru
 12101 | D:8      | Found a sacrificial altar of Ru.
 12140 | D:8      | Reached skill level 10 in Armour
 13392 | D:8      | Noticed a komodo dragon
 13403 | D:8      | Killed a komodo dragon
 13403 | D:8      | Reached * piety under Okawaru
 13842 | D:8      | Noticed a two-headed ogre
 13855 | D:8      | Killed a two-headed ogre
 13856 | D:8      | Reached skill level 8 in Fighting
 13856 | D:8      | Reached XP level 10. HP: 35/88 MP: 9/9
 16626 | D:9      | Reached ** piety under Okawaru
 17093 | D:9      | Noticed Prince Ribbit
 17122 | D:9      | Killed Prince Ribbit
 17376 | D:9      | Found a basalt altar of Yredelemnul.
 17425 | D:9      | Noticed Maurice
 17502 | D:9      | Killed Maurice
 18092 | D:9      | Reached skill level 9 in Fighting
 19190 | D:9      | Reached *** piety under Okawaru
 19191 | D:9      | Reached XP level 11. HP: 96/99 MP: 10/10
 19225 | D:9      | Found a shimmering altar of Xom.
 19374 | D:10     | Entered Level 10 of the Dungeon
 19707 | D:10     | Reached skill level 10 in Fighting
 19707 | D:10     | Reached skill level 1 in Invocations
 20653 | D:10     | Found a staircase to the Lair.
 21577 | D:10     | Reached skill level 15 in Axes
 21803 | D:10     | Reached **** piety under Okawaru
 22563 | D:11     | Reached skill level 11 in Fighting
 22909 | D:11     | Noticed a two-headed ogre
 22921 | D:11     | Killed a two-headed ogre
 23523 | D:11     | Found a staircase to the Orcish Mines.
 25855 | D:12     | Noticed an orc knight
 25862 | D:12     | Reached XP level 12. HP: 111/111 MP: 10/13
 26113 | D:12     | Received a gift from Okawaru
 26114 | D:12     | Reached skill level 12 in Fighting
 26129 | D:12     | Reached ***** piety under Okawaru
 26358 | D:12     | Noticed a two-headed ogre
 26382 | D:12     | Reached skill level 1 in Evocations
 26411 | D:12     | Killed a two-headed ogre
 26778 | D:12     | You fall into a shaft and drop 3 floors!
 26778 | D:15     | Entered Level 15 of the Dungeon
 26799 | D:15     | Identified the amulet of Bubicoynt {RegenMP Int+5}
 26802 | D:14     | Found Sealluneota's Distillery.
 26835 | D:14     | Reached skill level 13 in Fighting
 27298 | D:12     | Found a glowing silver altar of Zin.
 27698 | D:13     | Noticed a centaur warrior
 27704 | D:13     | Killed a centaur warrior
 27704 | D:13     | Received a gift from Okawaru
 27783 | D:13     | Noticed a boulder beetle
 27803 | D:13     | Killed a boulder beetle
 27852 | D:13     | Identified the +0 cloak "Feli" {Contam Drain rC+++ SInv}
                  | (Okawaru gifted it to you on level 13 of the Dungeon)
 27852 | D:13     | Received a gift from Okawaru
 28054 | D:13     | Noticed a tengu warrior
 28472 | D:12     | Killed a tengu warrior
 29535 | Lair:1   | Entered Level 1 of the Lair of Beasts
 29620 | Lair:1   | Noticed Sonja
 29629 | Lair:1   | Killed Sonja
 29751 | Lair:1   | Reached skill level 5 in Shields
 29751 | Lair:1   | Reached XP level 13. HP: 104/123 MP: 14/14
 30466 | Lair:1   | Reached skill level 14 in Fighting
 32085 | Lair:2   | Found a blossoming altar of Fedhas.
 32460 | Lair:2   | Found a staircase to the Snake Pit.
 32720 | Lair:2   | Received a gift from Okawaru
 32991 | Lair:2   | Reached skill level 15 in Fighting
 34558 | Lair:3   | Found a staircase to the Shoals.
 34830 | Lair:3   | Reached skill level 16 in Fighting
 34834 | Lair:3   | Noticed Nessos
 34867 | Lair:3   | Killed Nessos
 35197 | Lair:3   | Identified the +9 dagger "Qeatuh" {vorpal, rF- Int+5
                  | Stlth+}
 36000 | Lair:4   | Reached XP level 14. HP: 138/138 MP: 16/16
 36260 | Lair:4   | Received a gift from Okawaru
 36261 | Lair:4   | Reached skill level 17 in Fighting
 37073 | Lair:4   | Found a viscous altar of Jiyva.
 37073 | Lair:4   | Found a staircase to the Slime Pits.
 37737 | Lair:5   | Entered Level 5 of the Lair of Beasts
 38308 | Lair:5   | Found a runed translucent door.
 38330 | Lair:5   | Reached skill level 18 in Fighting
 38457 | Lair:5   | Identified the +5 falchion of the Trees {vorpal, Fly Will+
                  | Str+8 Int-4}
 39515 | Lair:5   | Reached skill level 19 in Fighting
 40549 | Lair:5   | Received a gift from Okawaru
 41004 | D:14     | Found a basalt altar of Yredelemnul.
 41294 | D:14     | Found a gate to the Vaults.
 41342 | D:14     | Reached skill level 20 in Fighting
 42055 | D:13     | Reached XP level 15. HP: 156/156 MP: 17/17
 43131 | D:14     | Bought a potion of curing for 39 gold pieces
 43131 | D:14     | Bought a potion of curing for 39 gold pieces
 43172 | Orc:1    | Entered Level 1 of the Orcish Mines
 43832 | Orc:2    | Entered Level 2 of the Orcish Mines
 43832 | Orc:2    | Found a staircase to the Elven Halls.
 44219 | Orc:2    | Noticed Jorgrun
 44237 | Orc:2    | Killed Jorgrun
 44367 | Orc:2    | Received a gift from Okawaru
 44368 | Orc:2    | Found Vatoibah's General Store.
 44720 | Orc:2    | Found Rece's General Store.
 45239 | Orc:2    | Bought a scroll of identify for 28 gold pieces
 45264 | Orc:2    | Received a gift from Okawaru
 45442 | Orc:2    | Reached skill level 21 in Fighting
 45853 | Orc:2    | Found Dunoqal's Antique Armour Shoppe.
 45853 | Orc:2    | Found Ulyikkae's Book Emporium.
 45854 | Orc:2    | Found a one-way gate leading to the halls of Pandemonium.
 45856 | Orc:2    | Bought a runed plate armour for 442 gold pieces
 47176 | D:15     | Found a white marble altar of Elyvilon.
 47186 | D:15     | Received a gift from Okawaru
 47246 | D:15     | Reached ****** piety under Okawaru
 47247 | D:15     | Reached skill level 15 in Armour
 47524 | D:15     | Found a staircase to the Depths.
 47548 | D:15     | Identified the +1 crystal plate armour "Ithreis" {Int+4}
                  | (Okawaru gifted it to you on level 15 of the Dungeon)
 47548 | D:15     | Received a gift from Okawaru
 48128 | D:15     | Found the +6 arbalest "Damnation" {damnation}
 48961 | Snake:1  | Entered Level 1 of the Snake Pit
 48989 | Snake:1  | Reached XP level 16. HP: 157/168 MP: 18/18
 49123 | Snake:1  | Reached skill level 5 in Invocations
 49977 | Snake:1  | Reached skill level 22 in Fighting
 50664 | Snake:1  | Found Xocerch's Jewellery Shoppe.
 50666 | Snake:1  | Found Limepaf's Book Boutique.
 50667 | Snake:1  | Found Kiuzukk's Jewellery Shoppe.
 55445 | Snake:2  | Received a gift from Okawaru
 56412 | Snake:2  | You fall into a shaft and drop 1 floor!
 56412 | Snake:3  | Found Zoufy's Antique Weapon Shoppe.
 56429 | Snake:3  | Received a gift from Okawaru
 56497 | Snake:3  | Found Vierosir's Weapon Boutique.
 56535 | Snake:3  | Identified the +2 chain mail of Hepliaklqana's Pride {rPois
                  | rC+}
 56660 | Snake:3  | Found Lecym's Distillery.
 56665 | Snake:3  | Received a gift from Okawaru
 56692 | Snake:3  | Reached skill level 23 in Fighting
 56710 | Snake:3  | Bought a potion of haste for 140 gold pieces
 56710 | Snake:3  | Bought a potion of heal wounds for 70 gold pieces
 56710 | Snake:3  | Bought a potion of curing for 42 gold pieces
 56710 | Snake:3  | Bought 2 potions of heal wounds for 140 gold pieces
 56710 | Snake:3  | Bought a potion of haste for 140 gold pieces
 56980 | Snake:3  | Reached XP level 17. HP: 164/179 MP: 19/19
 57472 | Snake:3  | Found Hoschaid's Magic Scroll Emporium.
 57504 | Snake:3  | Bought a scroll of magic mapping for 127 gold pieces
 57504 | Snake:3  | Bought a scroll of enchant weapon for 127 gold pieces
 57579 | Snake:4  | Entered Level 4 of the Snake Pit
 57783 | Snake:4  | Noticed Vashnia
 59241 | Snake:4  | Killed Vashnia
 59575 | Snake:4  | Found Venera's Dragon-Slaying Spoils.
 59958 | Snake:3  | Reached skill level 24 in Fighting
 60900 | Snake:4  | Received a gift from Okawaru
 62847 | Snake:4  | Reached skill level 25 in Fighting
 63185 | Snake:4  | Got a serpentine rune of Zot
 63221 | Snake:4  | Received a gift from Okawaru
 63688 | Snake:4  | Bought +1 gold dragon scales for 1566 gold pieces
 63751 | Snake:2  | Found Poashrig's Weapon Boutique.
 64120 | Depths:1 | Entered Level 1 of the Depths
 64138 | Depths:1 | Found Simick's Assorted Antiques.
 64141 | Depths:1 | Found Wiugh's Assorted Antiques.
 64141 | Depths:1 | Found Heagriac's Antique Weapon Shoppe.
 64150 | Depths:1 | Found Hunod's Antique Weapon Emporium.
 64461 | Depths:1 | Identified the +5 ice dragon scales "Hifyud" {-Tele Rampage
                  | rF- rC++ Str+2} (Okawaru gifted it to you on level 1 of the
                  | Depths)
 64461 | Depths:1 | Received a gift from Okawaru
 64508 | Depths:1 | Reached skill level 5 in Throwing
 64809 | Depths:1 | Noticed a lich
 64828 | Depths:1 | Killed a lich
 64858 | Depths:1 | Noticed a walking frostbound tome
 64876 | Depths:1 | Killed a walking frostbound tome
 65085 | Depths:1 | Reached XP level 18. HP: 135/196 MP: 18/20
 65152 | Depths:1 | Reached skill level 26 in Fighting
 66328 | Vaults:1 | Entered Level 1 of the Vaults
 67703 | Vaults:1 | Found Decw's Weapon Shoppe.
 67945 | Vaults:1 | Reached skill level 10 in Shields
 68778 | Vaults:1 | Reached skill level 27 in Fighting
 69026 | Vaults:1 | Received a gift from Okawaru
 70446 | Vaults:1 | Received a gift from Okawaru
 70747 | Vaults:2 | Noticed Sojobo
 71179 | Vaults:2 | Paralysed by an air elemental for 1 turns
 71186 | Vaults:2 | Paralysed by an air elemental for 1 turns
 71198 | Vaults:2 | Paralysed by an air elemental for 1 turns
 71206 | Vaults:2 | Killed Sojobo
 72826 | Vaults:2 | Reached XP level 19. HP: 163/204 MP: 22/22
 73571 | Vaults:2 | Identified the +9 glaive of Quameo {speed, *Noise Str+5}
 74564 | Vaults:3 | Received a gift from Okawaru
 74748 | Vaults:3 | Reached skill level 1 in Dodging
 74820 | Vaults:3 | Identified the +0 pair of boots of Defence {rElec Int+2}
                  | (Okawaru gifted it to you on level 3 of the Vaults)
 74820 | Vaults:3 | Received a gift from Okawaru
 75504 | Vaults:3 | Found a staircase to the Crypt.
 75504 | Vaults:3 | Found an ancient bone altar of Kikubaaqudgha.
 75504 | Vaults:3 | Found a basalt altar of Yredelemnul.
 79358 | Vaults:4 | Noticed Frederick
 79953 | Vaults:4 | Reached XP level 20. HP: 216/216 MP: 24/24
 80899 | Vaults:4 | Killed Frederick
 81365 | Depths:1 | Found a one-way gateway to a ziggurat.
 81979 | Depths:1 | Noticed Utor Aju's ghost (adept MiHu)
 81984 | Depths:1 | Found a runed translucent door.
 82296 | Depths:1 | You fall into a shaft and drop 1 floor!
 82544 | Depths:1 | Found a one-way gate to the infinite horrors of the Abyss.
 82596 | Depths:1 | Noticed a bone dragon
 82642 | Depths:1 | Killed a bone dragon
 82932 | Depths:1 | Found a gateway to Hell.
 83363 | Depths:1 | Killed Utor Aju's ghost
 84676 | Depths:2 | Reached skill level 10 in Invocations
 84700 | Depths:2 | Reached skill level 1 in Staves
 85201 | Depths:2 | Reached skill level 1 in Long Blades
 85436 | Depths:2 | Received a gift from Okawaru
 85570 | Depths:2 | Received a gift from Okawaru
 86255 | Shoals:1 | Entered Level 1 of the Shoals
 86352 | Shoals:1 | Reached skill level 5 in Staves
 86710 | Shoals:1 | Noticed Donald
 86725 | Shoals:1 | Killed Donald
 86819 | Shoals:1 | Noticed Mlioglotl
 86824 | Shoals:1 | Noticed a bone dragon
 86825 | Shoals:1 | Killed Mlioglotl
 87607 | Shoals:1 | Identified the +1 hat of Fyigaqoet {Fly rPois rF+ Will-}
                  | (Okawaru gifted it to you on level 1 of the Shoals)
 87607 | Shoals:1 | Received a gift from Okawaru
 88087 | Shoals:2 | Found a transporter.
 88091 | Shoals:2 | Noticed Aizul
 88092 | Shoals:2 | Found a transporter.
 88103 | Shoals:2 | Killed Aizul
 88141 | Shoals:2 | Found a bloodstained altar of Trog.
 88309 | Shoals:2 | Reached XP level 21. HP: 224/224 MP: 28/28
 88358 | Shoals:2 | Noticed Meod's ghost (adept MiBe)
 89071 | Shoals:3 | Noticed Polyphemus
 89101 | Shoals:3 | Killed Polyphemus
 89111 | Shoals:3 | Reached skill level 5 in Long Blades
 89886 | Shoals:3 | Reached XP level 22. HP: 233/233 MP: 29/29
 90371 | Shoals:4 | Entered Level 4 of the Shoals
 90399 | Shoals:4 | Reached skill level 10 in Staves
 91478 | Shoals:4 | Identified the +10 hand axe of Wyrd {freeze, rPois rC+
                  | Will++ Str+4}
 91595 | Shoals:4 | Received a gift from Okawaru
 92149 | Shoals:4 | Got a barnacled rune of Zot
 92151 | Shoals:4 | Identified the amulet of Beogh, Sheltering {Spirit SInv}
 93443 | Depths:2 | Received a gift from Okawaru
 94344 | Depths:3 | Found Gozag's Platinum Reserve.
 94372 | Depths:3 | Found a broken altar of Ashenzari.
 94391 | Depths:3 | Noticed Louise
 94409 | Depths:3 | Noticed the Enchantress
 94415 | Depths:2 | Received a gift from Okawaru
 94472 | Depths:2 | Killed the Enchantress
 94691 | Abyss:3  | Cast into level 3 of the Abyss (Louise)
 94783 | Abyss:3  | Received a gift from Okawaru
 94907 | Abyss:3  | Noticed an ancient lich
 94909 | Abyss:3  | Found a corrupted altar of Lugonu.
 94929 | Abyss:3  | Killed an ancient lich
 94937 | Depths:3 | Escaped the Abyss
 95289 | Depths:3 | Killed Louise
 95539 | Depths:3 | Found an opulent altar of Gozag.
 96284 | Depths:3 | Noticed Vv
 96309 | Depths:3 | Killed Vv
 96932 | Depths:3 | Reached XP level 23. HP: 240/240 MP: 31/31
 97389 | Depths:3 | Got the Catalogue of Algid Intoxication
 97459 | Depths:3 | Found the +18 shield of the Gong {rElec rN+ Will+ EV-5}
 98379 | Depths:4 | Entered Level 4 of the Depths
 98697 | Depths:4 | Found a corrupted altar of Lugonu.
 98701 | Depths:4 | Noticed Mennas
 98723 | Depths:4 | Killed Mennas
 98730 | Depths:4 | Noticed a juggernaut
 99301 | Vaults:5 | Entered Level 5 of the Vaults
 99346 | Vaults:5 | Received a gift from Okawaru
 99410 | Vaults:5 | Noticed an ancient lich
 99433 | Vaults:5 | Identified the ring "Wimafa" {Fly rElec rPois rF- Will+}
 99454 | Vaults:5 | Killed an ancient lich
 99467 | Vaults:5 | Received a gift from Okawaru
 99517 | Vaults:5 | Received a gift from Okawaru
 99942 | Vaults:5 | Identified the +5 dagger "Vusoej" {spect, *Noise rC+++
                  | Str+4}
 99963 | Vaults:5 | HP: 5/235 [titan/bolt of lightning (20)]
 99964 | Vaults:5 | Killed from afar by a fire giant

Illustrated notes

Levels and vault maps discovered:
D:1:      eino_arrival_cavern_b, layout_loops_ring, serial_shops,
          nicolae_shop_statue_plus, shapermc_ecumenical_altar_petra
D:2:      layout_basic
D:3:      layout_basic, nicolae_overflow_hidden_temple,
          mainiacjoe_overflow_brackets, nrook_campfire, uniq_sigmund
D:4:      gammafunk_steamed_eel, layout_loops_cross,
          nicolae_kikubaaqudgha_miasma_corner, minmay_manual_mares
D:5:      layout_layer_cave, minmay_temple_entry_statues_pillars
D:6:      layout_basic, minmay_misc_feat_doors, chequers_serial_rivers_micro_e
D:7:      layout_rooms, kennysheep_mini
D:8:      layout_layer_cave, nicolae_ru_sacrificial_ziggurat,
          kennysheep_just_a_vault
D:9:      layout_long_grid, mainiacjoe_overflow_catwalk, kennysheep_mini_moat,
          uniq_maurice, uniq_prince_ribbit1
D:10:     layout_loops_corners, grunt_lair_entry_orc_guard_hut, nooodl_orcs_dogs
D:11:     layout_gridville, erik_orc_3
D:12:     layout_roguey [special_room_orc], hex_tiny, zin_scriptorium
D:13:     layout_gridville
D:14:     layout_irregular_city, erik_vaults_1, yredelemnul_altar_generic,
          serial_shops, shop_statue
D:15:     gammafunk_depths_entry_grave, layout_loops_cross,
          nicolae_elyvilon_peaceful_grove
Temple:   nicolae_temple_bog_church
Lair:1:   layout_layer_cave, chequers_serial_rivers_marsh, uniq_sonja
Lair:2:   layout_regular_city, minmay_snake_entry_guardpost_large,
          ldierk_geyser, tgw_fedhas
Lair:3:   layout_small_grid, elwin_shoals_entry_stream,
          nicolae_quartered_pool_impasse, lemuel_fruit_fields, uniq_nessos
Lair:4:   layout_big_grid, dpeg_slime_entry_enclosed
Lair:5:   guppyfry_lair_end_dragon, layout_misc_corridors, wormcave,
          dreamdust_wasp_nest
Shoals:1: layout_shoals, uniq_donald, uniq_mlioglotl
Shoals:2: layout_shoals, gammafunk_ghost_wrathful_warriors,
          nicolae_shoals_shepherds, uniq_aizul
Shoals:3: layout_shoals, uniq_polyphemus
Shoals:4: shoals_end_hellmonk_lost_city
Snake:1:  layout_cave_shapes, st_stairs_12, minmay_shop_grove,
          lemuel_fruit_tree, grunt_megastairs_5
Snake:2:  hangedman_cross_stitches, layout_onion, nicolae_stop_n_shop_1,
          st_stairs_13
Snake:3:  layout_onion_interference, serial_shops, nicolae_shop_hallway_plus,
          nicolae_diamond_shop, shop, nicolae_shop_statue_plus,
          nicolae_snake_omega
Snake:4:  snake_pit, layout_rooms, nicolae_shop_dragon_depot, uniq_vashnia
Orc:1:    layout_caves, basic_altar
Orc:2:    pf_orc_diabolical, layout_diamond_mine, uniq_jorgrun
Vaults:1: vaults_room_pool, nicolae_vaults_twisting_passages, v_alt_pattern_2,
          nicolae_vaults_angled_halls, nicolae_vaults_little_squares_3,
          nicolae_vaults_asterisk, nicolae_vaults_display_case, v_misc_2,
          v_alt_pattern_2, nicolae_vaults_yaktaur_gun_rack,
          hangedman_vaults_impose, v_rooms_2, vaults_room_stairs_pillars,
          v_misc_8, grunt_vaults_hallway_short, vaults_mumra_chevron,
          ontoclasm_vaults_ring_large, vaults_room_hallway,
          nicolae_vaults_ring_of_whatevers, layout_vaults_omnibox, serial_shops,
          shop
Vaults:2: ontoclasm_vaults_claustrophobia, v_misc_12,
          nicolae_vaults_specimen_jars, nicolae_vaults_rhombus_6, v_misc_18,
          vaults_mumra_lcd, grunt_vaults_hallway_long, vaults_dpeg_diagonal,
          grunt_vaults_diagonal, layout_vaults_quadrants, uniq_sojobo
Vaults:3: nicolae_vaults_rhombus_5, v_misc_29, v_misc_2,
          hangedman_vaults_stretched_pinwheel, minmay_crypt_entry_necro_gods,
          v_alt_pattern_6, v_misc_9, hangedman_vaults_restitches,
          grunt_vaults_hallway_long, vaults_room_ringed_pool, v_rooms_4,
          v_misc_22, nicolae_vaults_rhombus_6, vaults_dpeg_ring,
          layout_vaults_ring
Vaults:4: v_misc_15, v_misc_15, v_pattern_5, ontoclasm_vaults_spin,
          vaults_room_door_hall, vaults_room_grid, grunt_vaults_hallway_short,
          nicolae_vaults_rhombus_5, nicolae_vaults_hallways_thing,
          ontoclasm_vaults_eye, ontoclasm_vaults_gateway, vaults_room_pools,
          dpeg_vaults_monster_row, hangedman_vaults_corner_blocks,
          layout_vaults_maze_bifur, uniq_frederick
Vaults:5
Depths:1: layout_gridville, enter_ziggurat_f, hellmonk_ghost_happy_afterlife,
          grunt_mini_vestibule, rand_demon_pan_entry_4, abyss_entry,
          lightli_fourway_metalbox, minmay_shoptagon, kennysheep_random_hallway
Depths:2: kb_forest_paths, layout_gridlike, minmay_misc_feat_iff,
          grunt_pan_entry_in_and_out, hangedman_geh_valley, firewood_loft,
          infiniplex_staircase_spiral_double
Depths:3: grunt_double_whammy, layout_cave_pools,
          nicolae_gozag_zags_fifth_avenue,
          nicolae_abyss_entry_one_way_or_another, hell_entry, ashenzari_altar_1,
          minmay_staircase_bubble, uniq_enchantress, uniq_vv
Depths:4: grunt_zot_entry_pinwheel, layout_small_grid, abyss_entry_flame_altar,
          nrook_mini_backslash, hell_entry, kennysheep_treasure_room,
          uniq_mennas

Skill      XL: |  1  2  3  4  5  6  7  8  9 10 11 12 13 14 15 16 17 18 19 20 21 22 23 |
---------------+----------------------------------------------------------------------+-----
Armour         | 4 5 7 9 11 12 14 15 17 18 19 21 23 | 23.5
Fighting       | 4 5 6 8 9 11 13 16 20 21 23 25 27 | 27.0
Axes           | 3 5 6 8 9 11 14 16 18 19 20 21 23 24 | 24.0
Throwing       | 1 2 3 4 5 6 7 8 |  8.0
Invocations    | 2 3 4 5 6 7 11 12 | 12.9
Evocations     | 1 2 3 4 |  4.1
Shields        | 5 8 9 10 12 13 | 13.0
Dodging        | 4 |  4.0
Staves         | 6 9 13 | 13.3
Long Blades    | 4 6 9 |  9.4

Action                   |  1- 3 |  4- 6 |  7- 9 | 10-12 | 13-15 | 16-18 | 19-21 | 22-24 || total
-------------------------+-------+-------+-------+-------+-------+-------+-------+-------++-------
Melee: War axe           |    84 |    55 |   274 |   636 |       |       |       |       ||  1049
       Headbutt          |    14 |     9 |    52 |   163 |   230 |   271 |   348 |   164 ||  1251
       Broad axe         |       |       |       |    89 |   925 |  1040 |  1058 |   501 ||  3613
       Hand axe          |       |       |       |       |       |       |       |    58 ||    58
Throw: Stone             |    12 |       |     3 |     4 |       |       |       |       ||    19
       Dart              |     7 |    10 |    10 |    29 |    21 |    56 |       |    61 ||   194
       Boomerang         |     5 |     1 |       |       |       |       |     3 |       ||     9
       Javelin           |       |       |       |       |       |    12 |    49 |    27 ||    88
Invok: Heroism           |       |       |       |    26 |    14 |    39 |    39 |    12 ||   130
       Finesse           |       |       |       |     5 |     6 |    21 |    17 |     4 ||    53
Evoke: Wand              |       |       |     1 |     6 |     1 |    17 |     1 |     9 ||    35
       Condenser vane    |       |       |       |       |     1 |     1 |       |     3 ||     5
       Lightning rod     |       |       |       |       |       |       |       |     1 ||     1
  Use: Scroll            |     2 |     3 |     7 |    16 |    11 |    16 |     7 |    23 ||    85
       Potion            |     2 |       |     3 |     5 |     4 |    11 |     5 |     8 ||    38
 Stab: Distracted        |       |       |       |       |     1 |     1 |     1 |       ||     3
       Invisible         |       |       |       |       |       |     5 |     2 |       ||     7
       Petrified         |       |       |       |       |       |       |     1 |       ||     1
Armor: Scale mail        |    26 |    16 |     5 |       |       |       |       |       ||    47
       Chain mail        |       |       |   109 |       |       |       |       |       ||   109
       Plate armour      |       |       |    29 |   332 |   348 |    43 |       |       ||   752
       Crystal plate arm |       |       |       |       |    24 |   435 |       |       ||   459
       Gold dragon scale |       |       |       |       |       |   317 |   498 |   317 ||  1132
Dodge: Dodged            |    38 |    26 |    67 |   148 |   278 |   382 |   244 |   230 ||  1413
Block: Buckler           |    14 |     7 |    17 |       |       |       |       |       ||    38
       Kite shield       |       |       |    75 |   305 |   450 |   894 |   684 |   659 ||  3067
       Reflection        |       |       |       |       |    14 |   160 |    98 |    32 ||   304
